 Dungeon Crawl Stone Soup version 0.17-a0-1409-ge6d9485 (webtiles) character file.

1619 MackTheKnife the Summoner (level 8, 37/37 HPs)
             Began as a Felid Summoner on June 10, 2015.
             Was a Follower of Ashenzari.
             Quit the game on level 10 of the Dungeon on June 22, 2015.
             The game lasted 00:36:26 (14663 turns).

MackTheKnife the Summoner (Felid Summoner)         Turns: 14663, Time: 00:36:26

Health: 37/37      AC:  6    Str:  4    XL:     8   Next: 64%
Magic:  18/18      EV: 23    Int: 19    God:    Ashenzari [*.....]
Gold:   563        SH:  0    Dex: 17    Spells: 4 memorised, 9 levels left
                                        Lives:  0   Deaths: 2

rFire  . . .     SeeInvis +     (weapon unavailable)
rCold  . . .     Clarity  .     (armour unavailable)
rNeg   . . .     SustAt   .     (shield unavailable)
rPois  .         Gourm    .     (helmet unavailable)
rElec  .         Spirit   .     (cloak unavailable)
rCorr  .         Warding  .     (gloves unavailable)
rMut   .         Stasis   .     (boots unavailable)
MR     +++..                    (no amulet)
Stlth  ++++......               c - ring of protection from magic (curse) {MR+, !d}
                                g - ring of protection from magic (curse) {MR+, !d}

@: quick, extremely resistant to hostile enchantments, stealthy
A: no armour, no weapons or thrown items, claws 1, fangs 3, iridescent scales 1,
camouflage 1, see invisible, carnivore 3, speed 1, shaggy fur 2, slow metabolism
1, sharp paws
a: Renounce Religion


You were on level 10 of the Dungeon.
You worshipped Ashenzari.
Ashenzari was aware of your devotion.
You were not hungry.

You visited 2 branches of the dungeon, and saw 11 of its levels.

You collected 563 gold pieces.

Inventory:

Missiles
 o - 6 curare-tipped needles
Jewellery
 c - a cursed ring of protection from magic (right paw) {MR+, !d}
   (You found it on level 1 of the Dungeon)
 f - an uncursed ring of flight {+Fly, !d}
   (You took it off a kobold on level 1 of the Dungeon)
 g - a cursed ring of protection from magic (left paw) {MR+, !d}
   (You found it on level 1 of the Dungeon)
 n - an uncursed ring of teleport control {cTele, !d}
   (You found it on level 3 of the Dungeon)
 q - an uncursed ring of sustain attributes
   (You found it on level 5 of the Dungeon)
Magical devices
 e - a wand of heal wounds (3)
   (You found it on level 5 of the Dungeon)
 k - a wand of digging (7)
   (You found it on level 5 of the Dungeon)
 t - a wand of paralysis (1)
   (You found it on level 6 of the Dungeon)
Scrolls
 d - a scroll of curse jewellery
 h - 8 scrolls of identify
 p - a scroll of fog
Potions
 i - a potion of lignification {!q}
 m - 2 potions of flight
 r - a potion of haste
 u - a potion of curing
 v - a potion of heal wounds
 w - a potion of agility
 x - a potion of invisibility {unknown}
Books
 a - a book of Callings
 j - a Young Poisoner's Handbook
   (You found it on level 9 of the Dungeon)
Comestibles
 b - 3 meat rations {@e2}
 l - a beef jerky


   Skills:
 + Level 5.2 Fighting
 + Level 7.4 Dodging
 - Level 2.6 Stealth
 - Level 6.6 Spellcasting
 - Level 8.0 Summonings
 - Level 3.0 Ice Magic
 - Level 3.8 Air Magic


You had 9 spell levels left.
You knew the following spells:

 Your Spells              Type           Power        Failure   Level  Hunger
a - Summon Small Mammal   Summ           ####         1%          1    None
b - Summon Ice Beast      Ice/Summ       ####....     12%         4    ####...
c - Call Imp              Summ           #####...     1%          2    None
d - Summon Lightning Spi  Summ/Air       ####....     12%         4    ####...


Dungeon Overview and Level Annotations

Branches:
Dungeon (10/15)            Temple (1/1) D:5
   Lair: D:8-11         Orc: D:9-12

Altars:
Ashenzari
Cheibriados
Dithmenos
Elyvilon
Fedhas
Gozag
Kikubaaqudgha
Makhleb
Nemelex Xobeh
Okawaru
Qazlal
Ru
Sif Muna
Trog
Vehumet
Xom
Yredelemnul
Zin
The Shining One

Shops:
D:10 [

Annotations:
D:7 Gastronok
D:8 Joseph
D:10 Grum


Innate Abilities, Weirdness & Mutations

You cannot wear armour.
You are incapable of wielding weapons or throwing items.
You have sharp claws.
You have razor-sharp teeth.
You have supernaturally acute eyesight.
You are carnivorous and can eat meat at any time.
You cover ground quickly.
You are covered in thick fur (AC +2).
You have a slow metabolism.
Your sharp claws are effective at attacking unaware monsters.
You are partially covered in iridescent scales (AC +4).
Your skin changes colour to match your surroundings (Stealth).


Message History

A chill wind blows around you.
You now have 14/18 mp.
A chill wind blows around you. The wolf misses you.
Your ice beast misses the wolf.
You now have 10/18 mp.
You closely miss the wolf. The wolf misses you.
Your ice beast hits the wolf.
Your ice beast freezes the wolf.
You closely miss the wolf. The wolf completely misses you.
The wolf bites you but does no damage.
Your ice beast closely misses the wolf.
Your ice beast closely misses the wolf.
You scratch the wolf.
The wolf begins to bleed from its wounds!
The wolf bites you but does no damage. The wolf completely misses you.
Your ice beast hits the wolf.
Your ice beast freezes the wolf!
The wolf dies!
An electric hum fills the air.
Grum hits your ice beast with an enchanted glaive!
Your ice beast hits Grum but does no damage.
You now have 7/18 mp.
The wolf bites your ice beast. The wolf bites your ice beast.
Your lightning spire shoots out a bolt of lightning at Grum!
The bolt of electricity hits Grum. x2
The wolf misses your ice beast.
Your ice beast barely misses the wolf.
The wolf bites your ice beast! The wolf bites your ice beast. x2
Your ice beast closely misses the wolf.
Your ice beast hits the wolf.
Your ice beast freezes the wolf!
The wolf dies!
The wolf barely misses your ice beast. Grum completely misses you.
The wolf bites your ice beast!
Your ice beast dies!
Your ice beast hits Grum but does no damage.
Grum hits you from afar with an enchanted glaive!
You take 16 damage, and have 21/37 hp.
MASSIVE DAMAGE!!
The wolf bites your lightning spire but does no damage.
Your ice beast hits Grum.
Your ice beast freezes Grum!
A chill wind blows around you. The wolf bites your lightning spire!
The wolf closely misses you.
Your ice beast hits Grum but does no damage.
Grum hits your ice beast with an enchanted glaive!
The wolf bites your lightning spire.
You now have 4/18 mp.
The wolf bites your lightning spire.
Your ice beast hits Grum but does no damage.
Grum hits your ice beast with an enchanted glaive!
Your ice beast dies!
Your ice beast barely misses the wolf.
The wolf misses you.
You miscast Summon Ice Beast.
You are very lightly contaminated with residual magic.
Your brain hurts!
The wolf completely misses you.
Your ice beast hits the wolf.
Your ice beast freezes the wolf!
Grum hits your lightning spire with an enchanted glaive!!
Your lightning spire is destroyed!
You now have 0/18 mp.
The wolf bites you!
You take 8 damage, and have 13/37 hp.
MASSIVE DAMAGE!!
Your ice beast hits the wolf but does no damage.
Read which item? (? for menu, Esc to quit)
As you read the scroll of teleportation, it crumbles to dust.
You feel strangely unstable. The wolf bites you but does no damage.
The wolf bites your ice beast. The wolf completely misses you.
Your ice beast hits the wolf but does no damage.
Grum hits your ice beast from afar with an enchanted glaive!
The wolf misses you.
Unknown command.
Your surroundings suddenly seem different.
Splash!
You fall into the shallow water.
Moving in this stuff is going to be slow.
You open the door.
There is an open door here.
You start resting.
Your magical contamination has completely faded away.
You regained 3 hp, and now have 18/37 hp.
You regained 5 mp, and now have 7/18 mp.
Unknown command.
You start resting.
An orc comes into view. It is wielding a short sword.
You regained 5 hp, and now have 23/37 hp.
You regained 6 mp, and now have 13/18 mp.
You close the door.
You start resting.
Health restored: 37; MP restored: 18 As you open the door, it creaks loudly!
There is an open door here.
A centaur comes into view.
You see here 13 gold pieces.
A centaur is nearby!
You now have 563 gold pieces (gained 13). 3 orcs come into view.
You open the door.
There is an open door here.
Save game and exit?
Level annotation: Grum Welcome back, MackTheKnife the Felid Summoner.
Ashenzari says: Partake of my vision.
Partake of my curse.

##.#...≈≈≈≈≈..#
...'...≈≈≈≈≈..######.#
#....≈≈≈≈≈..'......#
#...........########
.####...........#
................#
.#####.#'#####+##
#c#.# #.#@# #o#.#
#o#.# #.#.. #o###


There were no monsters in sight!

Vanquished Creatures
  A trapdoor spider (D:10)
  A jelly (D:9)
  A hound skeleton (D:5)
  2 adders
  Natasha (twice) (D:3)
  An ooze (D:5)
  4 giant geckos
  3 orcs
  2 giant cockroaches
  11 hobgoblins
  23 kobolds
  A ball python (D:2)
  11 bats
  A giant newt (D:3)
  7 goblins
  A jackal (D:3)
  2 quokkas
  16 rats
90 creatures vanquished.

Vanquished Creatures (collateral kills)
  2 two-headed ogres
  A wyvern (D:8)
  5 yaks (D:9)
  4 hungry ghosts
  The ghost of Geomchi the Insei, an average OpMo (D:4)
  2 wolves (D:10)
  2 ice beasts
  A necrophage (D:6)
  2 orc warriors
  2 sky beasts
  5 centaurs
  3 black bears
  3 ogres
  A wasp (D:8)
  A big kobold (D:8)
  3 giant frogs
  2 scorpions
  6 crimson imps
  A centaur zombie (D:7)
  2 giant frog zombies
  6 hounds
  2 jellies
  5 orc priests
  2 giant frog skeletons
  6 orc wizards
  Natasha (D:3)
  An iguana (D:8)
  5 worker ants
  2 sheep (D:8)
  A gnoll (D:2)
  12 adders
  2 shadow imps
  2 oozes
  An adder zombie (D:4)
  7 worms
  5 giant geckos
  21 orcs
  A bat zombie (D:8)
  5 giant cockroaches
  5 hobgoblins
  5 jackals
  A quokka (D:4)
  7 bats
  A giant gecko skeleton (D:7)
  5 goblins
  5 kobolds
  7 rats
172 creatures vanquished.

Vanquished Creatures (others)
  A big kobold (D:8)
  A scorpion (D:8)
2 creatures vanquished.

Grand Total: 264 creatures vanquished

Notes
Turn   | Place    | Note
--------------------------------------------------------------
     0 | D:1      | MackTheKnife the Felid Summoner began the quest for the Orb.
     0 | D:1      | Reached XP level 1. HP: 7/7 MP: 4/4
   338 | D:1      | HP: 1/7 [bat (1)]
   921 | D:1      | Reached XP level 2. HP: 4/11 MP: 1/6
   988 | D:1      | Learned a level 2 spell: Call Imp
  1288 | D:1      | You fall through a shaft!
  1288 | D:2      | Found an opulent altar of Gozag.
  1623 | D:2      | Reached XP level 3. HP: 10/14 MP: 2/7
  1699 | D:2      | HP: 3/14 [poisoned by an adder]
  2244 | D:2      | Reached skill level 3 in Spellcasting
  2683 | D:3      | Reached XP level 4. HP: 18/18 MP: 3/9
  2846 | D:3      | Reached skill level 5 in Summonings
  3037 | D:3      | Noticed Natasha
  3047 | D:3      | Killed Natasha
  3454 | D:3      | Noticed Natasha
  3462 | D:3      | Killed Natasha
  3643 | D:3      | Noticed Natasha
  3650 | D:3      | Killed Natasha
  3666 | D:3      | Reached XP level 5. HP: 12/21 MP: 4/11
  3882 | D:4      | Noticed Geomchi's ghost (average OpMo)
  3895 | D:4      | Killed Geomchi's ghost
  3895 | D:4      | Reached skill level 4 in Spellcasting
  4191 | D:4      | HP: 4/21 [adder zombie (4)]
  4606 | D:4      | Noticed an ogre
  4616 | D:4      | Killed an ogre
  4616 | D:4      | Gained mutation: You are covered in thick fur (AC +2). [Felid growth]
  4616 | D:4      | Reached XP level 6. HP: 21/24 MP: 6/13
  4624 | D:4      | Learned a level 4 spell: Summon Ice Beast
  4747 | D:5      | Entered Level 5 of the Dungeon
  4785 | D:5      | HP: 6/24 [hound (2)]
  4789 | D:5      | Slain by a hound
  4790 | D:5      | Reached XP level 5. HP: -1/21 MP: 6/12
  4855 | D:5      | HP: 5/21 [sky beast (6)]
  4857 | D:5      | Gained mutation: Your skin changes colour to match your surroundings (Stealth). [potion of mutation]
  4857 | D:5      | Gained mutation: You are partially covered in iridescent scales (AC +4). [potion of mutation]
  5138 | D:5      | Found a staircase to the Ecumenical Temple.
  5146 | Temple   | Entered the Ecumenical Temple
  5197 | Temple   | Became a worshipper of Ashenzari the Shackled
  5780 | D:5      | Reached skill level 1 in Ice Magic
  5795 | D:5      | Found a sparkling altar of Nemelex Xobeh.
  5811 | D:5      | Reached skill level 2 in Ice Magic
  5954 | D:6      | Noticed a centaur
  6197 | D:5      | Reached XP level 6. HP: 24/24 MP: 5/13
  6280 | D:5      | Reached skill level 3 in Ice Magic
  6325 | D:5      | Found a basalt altar of Yredelemnul.
  6536 | D:5      | Reached skill level 6 in Summonings
  7049 | D:6      | Killed a centaur
  7049 | D:6      | Reached skill level 5 in Spellcasting
  7133 | D:6      | Noticed a centaur
  7145 | D:6      | Killed a centaur
  7145 | D:6      | Reached XP level 7. HP: 18/27 MP: 6/15
  7192 | D:6      | Noticed a black bear
  7218 | D:6      | Killed a black bear
  7260 | D:6      | Noticed a necrophage
  7287 | D:6      | Killed a necrophage
  7787 | D:6      | Reached skill level 7 in Summonings
  8170 | D:7      | Found a basalt altar of Yredelemnul.
  8197 | D:7      | Reached skill level 6 in Spellcasting
  8281 | D:7      | Reached XP level 8. HP: 13/29 MP: 2/18
  8890 | D:7      | Found a deep blue altar of Sif Muna.
  9635 | D:8      | Reached skill level 8 in Summonings
  9849 | D:8      | Learned a level 4 spell: Summon Lightning Spire
  9854 | D:8      | Reached skill level 1 in Air Magic
 10001 | D:8      | Noticed a two-headed ogre
 10003 | D:8      | Noticed Gastronok
 10156 | D:8      | HP: 6/31 [Gastronok/the air (25)]
 10172 | D:8      | HP: 6/31 [bat zombie (1)]
 10466 | D:8      | Noticed a wyvern
 10477 | D:8      | HP: 6/31 [wyvern (14)]
 10477 | D:8      | HP: 2/31 [wyvern (4)]
 10481 | D:8      | Killed a wyvern
 10481 | D:8      | Reached skill level 2 in Air Magic
 10847 | D:8      | Reached skill level 3 in Air Magic
 11263 | D:8      | Found a glowing golden altar of the Shining One.
 11263 | D:8      | Found a white marble altar of Elyvilon.
 11264 | D:8      | Found a glowing silver altar of Zin.
 11343 | D:8      | Noticed Joseph
 11358 | D:8      | Noticed a manticore
 11430 | D:8      | Noticed a yak
 11430 | D:8      | Noticed a yak
 11454 | D:8      | Reached skill level 3 in Dodging
 11468 | D:8      | Reached skill level 1 in Fighting
 11827 | D:8      | Killed a two-headed ogre
 12246 | D:8      | Reached skill level 2 in Fighting
 12423 | D:7      | Reached skill level 4 in Dodging
 12604 | D:8      | HP: 8/34 [barbs]
 12879 | D:8      | Upgraded the game from 0.17-a0-1332-g9db7d08 to 0.17-a0-1360-g37db002
 12916 | D:9      | Found a radiant altar of Vehumet.
 12918 | D:9      | Found a shadowy altar of Dithmenos.
 12934 | D:9      | Reached XP level 9. HP: 31/37 MP: 7/19
 12937 | D:9      | Found a blossoming altar of Fedhas.
 12940 | D:9      | Found a sacrificial altar of Ru.
 12940 | D:9      | Found a bloodstained altar of Trog.
 13223 | D:9      | Reached skill level 3 in Fighting
 13266 | D:9      | Reached skill level 5 in Dodging
 13631 | D:9      | Reached skill level 4 in Fighting
 13635 | D:9      | Reached skill level 6 in Dodging
 14251 | D:9      | Found a stormy altar of Qazlal.
 14288 | D:10     | Entered Level 10 of the Dungeon
 14288 | D:10     | Found Xuto Fae's Antique Armour Emporium.
 14288 | D:10     | Noticed a hill giant
 14308 | D:10     | Reached skill level 5 in Fighting
 14308 | D:10     | Reached skill level 7 in Dodging
 14339 | D:10     | Noticed Grum
 14350 | D:9      | Upgraded the game from 0.17-a0-1360-g37db002 to 0.17-a0-1368-g6ab37f2
 14429 | D:10     | Slain by a two-headed ogre
 14430 | D:10     | Reached XP level 8. HP: -2/37 MP: 18/18
 14663 | D:10     | Upgraded the game from 0.17-a0-1368-g6ab37f2 to 0.17-a0-1409-ge6d9485
 14663 | D:10     | Quit the game

Vault maps used:
D:1:      dpeg_arrival_erosion, minmay_misc_feat_rows, minmay_close_crescents
D:2:      nicolae_gozag_seed_capital, first_bread, serial_bayou_lake_a
D:3:      kennysheep_six_static_rooms, uniq_natasha
D:4:      minmay_strange_pillars
D:5:      nicolae_overflow_hidden_temple, lemuel_crystal_altar,
          minmay_temple_entry_hall
D:7:      old_standard_altar, yredelemnul_altar_generic
D:8:      kennysheep_kobold_camp, good_gods_temple_1, serial_glass,
          glass_columns_b, glass_columns_c, hangedman_ranch, uniq_gastronok,
          uniq_joseph
D:9:      lemuel_coloured_pillars_altar, grunt_temple_overflow_open
D:10:     erik_lair_dragon, serial_shops, nicolae_shop_overgrown_old_shop,
          nicolae_trove_entry_crystal, uniq_snorg, uniq_maurice, uniq_grum
Temple:   circular_temple_6

Action                   |  1- 3 |  4- 6 |  7- 9 || total
-------------------------+-------+-------+-------++-------
Melee: Unarmed           |    91 |   257 |   313 ||   661
 Cast: Summon Small Mamm |    20 |     1 |       ||    21
       Call Imp          |    22 |    82 |     1 ||   105
       Summon Ice Beast  |       |     8 |    78 ||    86
       Summon Lightning  |       |       |    27 ||    27
  Use: Potion            |     1 |     1 |     3 ||     5
       Scroll            |       |    15 |     8 ||    23
 Stab: Sleeping          |     6 |    14 |     7 ||    27
       Distracted        |       |     4 |     5 ||     9
  Eat: Chunk             |    11 |    14 |    40 ||    65
       Beef jerky        |       |       |     2 ||     2

Vault maps used:
D:1:      dpeg_arrival_erosion, minmay_misc_feat_rows, minmay_close_crescents
D:2:      nicolae_gozag_seed_capital, first_bread, serial_bayou_lake_a
D:3:      kennysheep_six_static_rooms, uniq_natasha
D:4:      minmay_strange_pillars
D:5:      nicolae_overflow_hidden_temple, lemuel_crystal_altar,
          minmay_temple_entry_hall
D:7:      old_standard_altar, yredelemnul_altar_generic
D:8:      kennysheep_kobold_camp, good_gods_temple_1, serial_glass,
          glass_columns_b, glass_columns_c, hangedman_ranch, uniq_gastronok,
          uniq_joseph
D:9:      lemuel_coloured_pillars_altar, grunt_temple_overflow_open
D:10:     erik_lair_dragon, serial_shops, nicolae_shop_overgrown_old_shop,
          nicolae_trove_entry_crystal, uniq_snorg, uniq_maurice, uniq_grum
Temple:   circular_temple_6

Table legend:
 A = Turns spent in this place as a percentage of turns spent in the entire game.
 B = Non-inter-level travel turns spent in this place as a percentage of non-inter-level travel turns spent in the entire game.
 C = Inter-level travel turns spent in this place as a percentage of turns spent in this place.
 D = Turns resting spent in this place as a percentage of non-inter-level travel turns spent in this place.
 E = Turns spent auto-exploring this place as a percentage of non-inter-level travel turns spent in this place.
 F = Non-inter-level travel turns spent in this place divided by the number of levels of this place that you've seen.
                   A       B       C       D       E      F
               +-------+-------+-------+-------+-------+----------------------
         Total | 100.0 | 100.0 |   0.5 |   3.0 |   4.3 | 426.4
       Dungeon |  99.0 |  99.0 |   0.5 |   3.1 |   4.4 | 464.2
        Temple |   1.0 |   1.0 |   2.0 |   0.0 |   4.2 |  48.0
               +-------+-------+-------+-------+-------+----------------------

Table legend:
 A = Kills in this place as a percentage of kills in entire the game.
 B = Kills by you in this place as a percentage of kills by you in the entire game.
 C = Kills by friends in this place as a percentage of kills by friends in the entire game.
 D = Other kills in this place as a percentage of other kills in the entire game.
 E = Experience gained in this place as a percentage of experience gained in the entire game.
 F = Experience gained in this place divided by the number of levels of this place that you have seen.
                   A       B       C       D       E      F
               +-------+-------+-------+-------+-------+----------------------
         Total | 100.0 | 100.0 | 100.0 |  -nan | 100.0 | 418.5
       Dungeon | 100.0 | 100.0 | 100.0 |  -nan | 100.0 | 460.4
               +-------+-------+-------+-------+-------+----------------------
